3A
KENNESAW JETS @ MONROEVILLE YINZERS
08/23/2042
 
TOP OF THE 1ST
Kennesaw Jets batting - Pitching for Monroeville Yinzers : RHP Gustaf Steur
Pitching: RHP Gustaf Steur
Batting: RHB Will Gamble 0-0: Fly out, F4 (Flyball, 34D, EV 71.2 MPH)
Batting: LHB Ta-hye Keng 0-0: Hit by Pitch
Batting: RHB Rubén Nuañez 0-0: Called Strike
0-1: Foul Ball, location: 2F
0-2: Strikes out swinging
Batting: LHB Steve Hodge 0-0: Ball
1-0: Swinging Strike
1-1: Foul Ball, location: 2F
1-2: Strikes out swinging
Top of the 1st over - 0 runs, 0 hits, 0 errors, 1 left on base; Kennesaw 0 - Monroeville 0
BOTTOM OF THE 1ST
Monroeville Yinzers batting - Pitching for Kennesaw Jets : RHP José Jiménez
Pitching: RHP José Jiménez
Batting: SHB Cristo López 0-0: Ball
1-0: Reached on error, E5 (Groundball, 56S, EV 78.8 MPH)
Batting: SHB John Clay 0-0: Ground out 4-3 (Groundball, 4, EV 81.2 MPH)
Cristo López to third
Batting: LHB Gustavo Gonzáles 0-0: 2-RUN HOME RUN (Flyball, 9LD, EV 98.8 MPH), Distance : 351 ft
Batting: RHB Rubén Camacho 0-0: Called Strike
0-1: Ball
1-1: Foul Ball, location: 2F
1-2: Strikes out swinging
Batting: SHB Chong-hun Cho 0-0: Ball
1-0: Ball
2-0: SINGLE (Groundball, 6MD, EV 107.5 MPH)
Batting: RHB Dave Hall 0-0: Foul Ball, location: 2F
0-1: Called Strike
Chong-hun Cho is caught stealing 2nd base 2-4
Bottom of the 1st over - 2 runs, 2 hits, 1 error, 0 left on base; Kennesaw 0 - Monroeville 2
TOP OF THE 2ND
Kennesaw Jets batting - Pitching for Monroeville Yinzers : RHP Gustaf Steur
Batting: LHB Adrian Beard 0-0: Ball
1-0: DOUBLE (Line Drive, 7LM, EV 112.5 MPH)
Batting: LHB José Costa 0-0: Ball
1-0: Ball
2-0: Called Strike
2-1: SINGLE (Groundball, 56, EV 103.1 MPH) (infield hit)
Adrian Beard to third
Batting: RHB Wally Harrison 0-0: Called Strike
0-1: TRIPLE (Flyball, 78XD, EV 108.1 MPH)
Adrian Beard scores
José Costa scores
Batting: LHB Jin-song Au-Yong 0-0: Foul Ball, location: 2F
0-1: Fly out, F7 (Flyball, 78S, EV 95.6 MPH)
Batting: RHB Steve Gill 0-0: Called Strike
0-1: SINGLE (Groundball, 56D, EV 97.5 MPH)
Wally Harrison scores
Batting: RHB Will Gamble 0-0: Ball
1-0: Called Strike
1-1: Called Strike
1-2: Ball
2-2: Strikes out looking
Batting: LHB Ta-hye Keng 0-0: Ball
1-0: Foul Ball, location: 2F
1-1: Fly out, F8 (Flyball, 8LS, EV 80.6 MPH)
Top of the 2nd over - 3 runs, 4 hits, 0 errors, 1 left on base; Kennesaw 3 - Monroeville 2
BOTTOM OF THE 2ND
Monroeville Yinzers batting - Pitching for Kennesaw Jets : RHP José Jiménez
Batting: RHB Dave Hall 0-0: Ball
1-0: Ball
2-0: Called Strike
2-1: Ground out 6-3 (Groundball, 6, EV 95.6 MPH)
Batting: RHB Jack Mayes 0-0: Ball
1-0: Foul Ball, location: 2F
1-1: Foul Ball, location: 2F
1-2: Ball
2-2: Ball
3-2: Strikes out looking
Batting: RHB Mike Sackett 0-0: Ball
1-0: Swinging Strike
1-1: SINGLE (Line Drive, 8LS, EV 103.8 MPH)
Batting: RHB Christian Bray 0-0: Called Strike
0-1: Ball
1-1: Foul Ball, location: 2F
1-2: Ball
2-2: DOUBLE (Line Drive, 7LS, EV 100.0 MPH)
Mike Sackett to third
Batting: SHB Cristo López 0-0: Ground out 4-3 (Groundball, 4, EV 103.1 MPH)
Bottom of the 2nd over - 0 runs, 2 hits, 0 errors, 2 left on base; Kennesaw 3 - Monroeville 2
TOP OF THE 3RD
Kennesaw Jets batting - Pitching for Monroeville Yinzers : RHP Gustaf Steur
Batting: RHB Rubén Nuañez 0-0: Ball
1-0: Fly out, F8 (Flyball, 8LD, EV 98.1 MPH)
Batting: LHB Steve Hodge 0-0: Foul Ball, location: 2F
0-1: Foul Ball, location: 2F
0-2: Ball
1-2: Ball
2-2: Ball
3-2: Ground out 4-3 (Groundball, 4, EV 103.8 MPH)
Batting: LHB Adrian Beard 0-0: Called Strike
0-1: Ball
1-1: Called Strike
1-2: Ball
2-2: Foul Ball, location: 2F
2-2: Foul Ball, location: 2F
2-2: Ball
3-2: Base on Balls
Batting: LHB José Costa 0-0: Ball
1-0: Ball
2-0: Swinging Strike
2-1: Foul Ball, location: 2F
2-2: Strikes out looking
Top of the 3rd over - 0 runs, 0 hits, 0 errors, 1 left on base; Kennesaw 3 - Monroeville 2
BOTTOM OF THE 3RD
Monroeville Yinzers batting - Pitching for Kennesaw Jets : RHP José Jiménez
Batting: SHB John Clay 0-0: Called Strike
0-1: SINGLE (Flyball, 89M, EV 98.8 MPH)
Batting: LHB Gustavo Gonzáles 0-0: Foul Ball, location: 2F
0-1: TRIPLE (Flyball, 8RXD, EV 92.5 MPH)
John Clay scores
Pitching: RHP Chang-weon Sin
Batting: RHB Rubén Camacho 0-0: Called Strike
0-1: Foul Ball, location: 2F
0-2: Ball
1-2: Ball
2-2: Strikes out swinging
Batting: SHB Chong-hun Cho 0-0: Ball
1-0: Ball
2-0: Swinging Strike
2-1: Ball
3-1: Foul Ball, location: 2F
3-2: Base on Balls
Batting: RHB Dave Hall 0-0: Ball
1-0: Ball
2-0: Foul Ball, location: 2F
2-1: SINGLE (Groundball, 56D, EV 98.8 MPH)
Gustavo Gonzáles scores
Chong-hun Cho to second
Batting: RHB Jack Mayes 0-0: Ball
1-0: Swinging Strike
1-1: Foul Ball, location: 2F
1-2: Strikes out looking
Batting: RHB Mike Sackett 0-0: Ball
1-0: Foul Ball, location: 2F
1-1: Ground out 1-3 (Groundball, 13S, EV 71.9 MPH)
Bottom of the 3rd over - 2 runs, 3 hits, 0 errors, 2 left on base; Kennesaw 3 - Monroeville 4
TOP OF THE 4TH
Kennesaw Jets batting - Pitching for Monroeville Yinzers : RHP Gustaf Steur
Batting: RHB Wally Harrison 0-0: Called Strike
0-1: Ball
1-1: Swinging Strike
1-2: Strikes out swinging
Batting: LHB Jin-song Au-Yong 0-0: Called Strike
0-1: Ball
1-1: Ball
2-1: Ball
3-1: SOLO HOME RUN (Flyball, 7D, EV 95.0 MPH), Distance : 377 ft
Batting: RHB Steve Gill 0-0: Foul Ball, location: 2F
0-1: DOUBLE (Groundball, 5L, EV 108.1 MPH)
Batting: RHB Will Gamble 0-0: Ground out 5-3 (Groundball, 5, EV 88.8 MPH)
Batting: LHB Ta-hye Keng 0-0: Called Strike
0-1: Ball
1-1: Fly out, F8 (Flyball, 89M, EV 90.0 MPH)
Top of the 4th over - 1 run, 2 hits, 0 errors, 1 left on base; Kennesaw 4 - Monroeville 4
BOTTOM OF THE 4TH
Monroeville Yinzers batting - Pitching for Kennesaw Jets : RHP Chang-weon Sin
Batting: RHB Christian Bray 0-0: Ball
1-0: Called Strike
1-1: Ball
2-1: Called Strike
2-2: Ball
3-2: Foul Ball, location: 2F
3-2: Base on Balls
Batting: SHB Cristo López 0-0: Ball
1-0: Ball
2-0: Called Strike
2-1: Ball
3-1: Called Strike
3-2: Base on Balls
Christian Bray to second
Batting: SHB John Clay 0-0: Ball
1-0: Swinging Strike
1-1: Foul Ball, location: 2F
1-2: Strikes out swinging
Batting: LHB Gustavo Gonzáles 0-0: Fly out, F6 (Popup, 6MD, EV 43.8 MPH)
Batting: RHB Rubén Camacho 0-0: Called Strike
0-1: Foul Ball, location: 2F
0-2: SINGLE (Groundball, 34, EV 80.6 MPH) (infield hit)
Christian Bray to third
Cristo López to second
Batting: SHB Chong-hun Cho 0-0: Ball
1-0: Ball
2-0: Ball
3-0: Called Strike
3-1: Base on Balls
Christian Bray scores
Cristo López to third
Rubén Camacho to second
Batting: RHB Dave Hall 0-0: Fly out, F9 (Flyball, 9S, EV 83.1 MPH)
Bottom of the 4th over - 1 run, 1 hit, 0 errors, 3 left on base; Kennesaw 4 - Monroeville 5
TOP OF THE 5TH
Kennesaw Jets batting - Pitching for Monroeville Yinzers : RHP Gustaf Steur
Batting: RHB Rubén Nuañez 0-0: Foul Ball, location: 2F
0-1: DOUBLE (Line Drive, 9LS, EV 103.1 MPH)
Batting: LHB Steve Hodge 0-0: DOUBLE (Line Drive, 8RXD, EV 111.9 MPH)
Rubén Nuañez scores
Pitching: RHP Donovan Poe
Batting: LHB Adrian Beard 0-0: Ball
1-0: Ball
2-0: Ground out 1-3 (Groundball, 34S, EV 90.0 MPH)
Steve Hodge to third
Batting: LHB José Costa 0-0: Foul Ball, location: 2F
0-1: Foul Ball, location: 2F
0-2: Fly out, F8 (Flyball, 8LM, EV 91.2 MPH)
Runner from 3rd tags up, SCORES, throw by CF
Batting: RHB Wally Harrison 0-0: Called Strike
0-1: Foul Ball, location: 2F
0-2: SINGLE (Groundball, 4MD, EV 95.6 MPH)
Batting: LHB Jin-song Au-Yong 0-0: Called Strike
0-1: Ball
1-1: Ball
2-1: Ball
3-1: Base on Balls
Wally Harrison to second
Batting: RHB Steve Gill 0-0: Ground out 6-3 (Groundball, 6S, EV 90.0 MPH)
Top of the 5th over - 2 runs, 3 hits, 0 errors, 2 left on base; Kennesaw 6 - Monroeville 5
BOTTOM OF THE 5TH
Monroeville Yinzers batting - Pitching for Kennesaw Jets : RHP Chang-weon Sin
Batting: RHB Jack Mayes 0-0: Called Strike
0-1: Foul Ball, location: 2F
0-2: Ball
1-2: Ground out 4-3 (Groundball, 4, EV 80.6 MPH)
Batting: RHB Mike Sackett 0-0: Swinging Strike
0-1: Ball
1-1: Called Strike
1-2: Strikes out swinging
Batting: RHB Christian Bray 0-0: Ball
1-0: Ground out 6-3 (Groundball, 6, EV 81.9 MPH)
Bottom of the 5th over - 0 runs, 0 hits, 0 errors, 0 left on base; Kennesaw 6 - Monroeville 5
TOP OF THE 6TH
Kennesaw Jets batting - Pitching for Monroeville Yinzers : RHP Donovan Poe
Batting: RHB Will Gamble 0-0: Ball
1-0: Ball
2-0: Ball
3-0: Base on Balls
Batting: LHB Ta-hye Keng 0-0: Fielders Choice at 2nd, 4-6 (Groundball, 4, EV 103.8 MPH)
Batting: RHB Rubén Nuañez 0-0: Ball
1-0: Called Strike
1-1: Called Strike
1-2: Strikes out swinging
Batting: LHB Steve Hodge 0-0: Ball
Ta-hye Keng is caught stealing 2nd base 2-6
Top of the 6th over - 0 runs, 0 hits, 0 errors, 0 left on base; Kennesaw 6 - Monroeville 5
BOTTOM OF THE 6TH
Monroeville Yinzers batting - Pitching for Kennesaw Jets : RHP Chang-weon Sin
Pitching: RHP Rafael Galván
Batting: SHB Cristo López 0-0: Ball
1-0: Ball
2-0: Ground out 4-3 (Groundball, 4, EV 110.0 MPH)
Batting: SHB John Clay 0-0: Ground out 4-3 (Groundball, 4D, EV 90.0 MPH)
Batting: LHB Gustavo Gonzáles 0-0: Swinging Strike
0-1: Ball
1-1: Foul Ball, location: 2F
1-2: Ball
2-2: Ball
3-2: Strikes out swinging
Bottom of the 6th over - 0 runs, 0 hits, 0 errors, 0 left on base; Kennesaw 6 - Monroeville 5
TOP OF THE 7TH
Kennesaw Jets batting - Pitching for Monroeville Yinzers : RHP Donovan Poe
Batting: LHB Steve Hodge 0-0: Ball
1-0: Called Strike
1-1: Ball
2-1: Foul Ball, location: 2F
2-2: Ball
3-2: Base on Balls
Batting: LHB Adrian Beard 0-0: Ball
1-0: Ball
2-0: Called Strike
2-1: Fly out, F6 (Popup, 6M, EV 56.2 MPH)
Pitching: LHP Jasper In de Boomgaert
Batting: LHB José Costa 0-0: Called Strike
0-1: Ball
1-1: 2-RUN HOME RUN (Flyball, 8RXD, EV 91.9 MPH), Distance : 453 ft
Batting: RHB Wally Harrison 0-0: Called Strike
0-1: Foul Ball, location: 2F
0-2: Ball
1-2: DOUBLE (Line Drive, 7LM, EV 106.2 MPH)
Batting: LHB Jin-song Au-Yong 0-0: Ball
Wild Pitch!
Wally Harrison to third
1-0: Foul Ball, location: 2F
1-1: Ball
2-1: Fly out, F8 (Flyball, 8RD, EV 94.4 MPH)
Runner from 3rd tags up, SCORES, throw by CF
Batting: RHB Steve Gill 0-0: SINGLE (Line Drive, 56D, EV 97.5 MPH)
Batting: RHB Will Gamble 0-0: Swinging Strike
0-1: Swinging Strike
0-2: Ball
1-2: Strikes out swinging
Top of the 7th over - 3 runs, 3 hits, 0 errors, 1 left on base; Kennesaw 9 - Monroeville 5
BOTTOM OF THE 7TH
Monroeville Yinzers batting - Pitching for Kennesaw Jets : RHP Rafael Galván
Batting: RHB Rubén Camacho 0-0: Called Strike
0-1: Called Strike
0-2: Foul Ball, location: 2F
0-2: Strikes out swinging
Batting: SHB Chong-hun Cho 0-0: DOUBLE (Flyball, 8RD, EV 102.5 MPH)
Batting: RHB Dave Hall 0-0: Ball
1-0: Ball
2-0: Ball
3-0: Called Strike
3-1: Base on Balls
Batting: RHB Jack Mayes 0-0: Called Strike
0-1: Grounds into double play, 6-4-3 (Groundball, 6, EV 103.1 MPH)
Bottom of the 7th over - 0 runs, 1 hit, 0 errors, 1 left on base; Kennesaw 9 - Monroeville 5
TOP OF THE 8TH
Kennesaw Jets batting - Pitching for Monroeville Yinzers : LHP Jasper In de Boomgaert
Batting: LHB Ta-hye Keng 0-0: Ball
1-0: Called Strike
1-1: Ball
2-1: Foul Ball, location: 2F
2-2: Fly out, F9 (Flyball, 9S, EV 81.9 MPH)
Pitching: RHP Rob Lee
Batting: RHB Rubén Nuañez 0-0: Ball
1-0: Ground out 6-3 (Groundball, 6, EV 81.2 MPH)
Batting: LHB Steve Hodge 0-0: Called Strike
0-1: Foul Ball, location: 2F
0-2: Ball
1-2: Strikes out swinging
Top of the 8th over - 0 runs, 0 hits, 0 errors, 0 left on base; Kennesaw 9 - Monroeville 5
BOTTOM OF THE 8TH
Monroeville Yinzers batting - Pitching for Kennesaw Jets : RHP Rafael Galván
Batting: RHB Mike Sackett 0-0: Called Strike
0-1: Ball
1-1: Ball
2-1: Foul Ball, location: 2F
2-2: Strikes out swinging
Batting: RHB Christian Bray 0-0: Called Strike
0-1: Foul Ball, location: 2F
0-2: Strikes out swinging
Batting: SHB Cristo López 0-0: Ball
1-0: Ground out 5-3 (Groundball, 56S, EV 85.0 MPH)
Bottom of the 8th over - 0 runs, 0 hits, 0 errors, 0 left on base; Kennesaw 9 - Monroeville 5
TOP OF THE 9TH
Kennesaw Jets batting - Pitching for Monroeville Yinzers : RHP Rob Lee
Batting: LHB Adrian Beard 0-0: Swinging Strike
0-1: Swinging Strike
0-2: Strikes out swinging
Batting: LHB José Costa 0-0: Ball
1-0: Called Strike
1-1: Ball
2-1: Foul Ball, location: 2F
2-2: Ground out U3 (Groundball, 3, EV 90.0 MPH)
Batting: RHB Wally Harrison 0-0: Ball
1-0: Foul Ball, location: 2F
1-1: Fly out, F6 (Line Drive, 6, EV 63.1 MPH)
Top of the 9th over - 0 runs, 0 hits, 0 errors, 0 left on base; Kennesaw 9 - Monroeville 5
BOTTOM OF THE 9TH
Monroeville Yinzers batting - Pitching for Kennesaw Jets : RHP Rafael Galván
Batting: SHB John Clay 0-0: Called Strike
0-1: Ball
1-1: Ball
2-1: Foul Ball, location: 2F
2-2: Ball
3-2: Strikes out looking
Batting: LHB Gustavo Gonzáles 0-0: Swinging Strike
0-1: Foul Ball, location: 2F
0-2: Ball
1-2: Foul Ball, location: 2F
1-2: Ball
2-2: Foul Ball, location: 2F
2-2: Strikes out looking
Batting: RHB Rubén Camacho 0-0: Called Strike
0-1: Ball
1-1: Ball
2-1: Fly out, F3 (Popup, 3SF, EV 75.6 MPH)
Bottom of the 9th over - 0 runs, 0 hits, 0 errors, 0 left on base; Kennesaw 9 - Monroeville 5
Friday, March 26th, 2021 - OOTP Baseball 20.8 Build 74